Description

nada

Build Order

Get SALT Encoding   

  11  0:30  Supply Depot  
  13  0:55  Barracks  
  14  1:00  Refinery  
  17  2:07  Command Center  
  20  2:24  Supply Depot  
  23  2:56  Refinery  
  23  2:57  Barracks Reactor  
  24  3:11  Command Center  
  28  3:46  Starport  
  35  4:10  Barracks Tech Lab  
  45  4:38  Raven  
  37  4:20  Refinery  
  45  4:39  Barracks Tech Lab  
  53  5:02  Defensive Matrix  
  49  4:54  Supply Depot  
  55  5:40  Barracks x2  
  59  5:52  Engineering Bay x2  
  69  6:32  Barracks x2  
Spawning Tool Build Advisor. Get it on Overwolf

Analysis

nada

Go to:

Details

  • Created by: yenyeri
  • Published on: Sep 17, 2026
  • Modified on: Sep 17, 2026
  • Patch: 5.0.16
  • Difficulty: Hard
Show
View Real Time Build Order
Export as new Build Order

Comments (0)

There are no comments. Be the first!

Create an account to comment!